[Event "FIDE World School-ch G-15 2025"]
[Site "Vrnjacka Banja"]
[Date "2025.03.25"]
[Round "6.1"]
[White "Preobrazhenskaya, Diana"]
[Black "Japparbekova, Malika"]
[Result "0-1"]
[Annotator "NA RC"]
[ECO "B35"]
[WhiteElo "2032"]
[BlackElo "1878"]
[PlyCount "110"]
[EventDate "2025.03.19"]
[EventType "swiss"]
[EventCountry "SRB"]
[SourceTitle "playchess.com"]
[Source "ChessBase"]
[SourceQuality "1"]
[TimeControl "5400+30"]

1. e4 c5 2. Nf3 g6 3. d4 cxd4 4. Nxd4 Nc6 5. Nc3 Bg7 6. Be3 Nf6 7. Bc4 O-O 8. Bb3 d5 9. Nxc6 bxc6 10. exd5 Nxd5 11. Nxd5 cxd5 12. O-O Bb7 13. c3 e5 14. Qg4 Qc7 15. Rad1 Rad8 16. Qa4 Rd7 17. Rfe1 Bc6 18. Qh4 Re8 19. Bg5 a5 20. Re3 f5 21. Rh3 Bh8 22. Rhd3 Qb7 23. R3d2 Ra8 24. Bf6 Bxf6 25. Qxf6 Re8 26. h4 a4 27. Bc2 Qc7 28. h5 Rd6 29. Qh4 Qe7 30. Qg3 Qg7 31. a3 Re7 32. Qh3 f4 33. hxg6 hxg6 34. c4 d4 35. c5 Rf6 36. b3 Qf8 37. Qg4 f3 38. Be4 Bxe4 39. Qxe4 Kg7 40. gxf3 Rf4 41. Qd5 Rf5 42. bxa4 Qh8 43. Kf1 Qh3+ 44. Ke2 e4 45. Qxd4+ Kh7 46. Qd6 Qxf3+ 47. Ke1 Ref7 48. Re2 e3 49. fxe3 Qh1+ 50. Kd2 Rd5+ 51. Kc3 Qxd1 52. Rh2+ Kg7 53. Qc6 Rd3+ 54. Kb4 Rb3+ 55. Ka5 Ra7+ 0-1

[Event "FIDE World School-ch G-15 2025"]
[Site "Vrnjacka Banja"]
[Date "2025.03.25"]
[Round "6.2"]
[White "Imomkuzieva, Nilufarkhon"]
[Black "Aadya Gupta"]
[Result "1-0"]
[Annotator "NA RC"]
[ECO "C89"]
[WhiteElo "1983"]
[BlackElo "1928"]
[PlyCount "131"]
[EventDate "2025.03.19"]
[EventType "swiss"]
[EventCountry "SRB"]
[SourceTitle "playchess.com"]
[Source "ChessBase"]
[SourceQuality "1"]
[TimeControl "5400+30"]

1. e4 e5 2. Nf3 Nc6 3. Bb5 a6 4. Ba4 Nf6 5. O-O Be7 6. Re1 b5 7. Bb3 O-O 8. c3 d5 9. exd5 Nxd5 10. Nxe5 Nxe5 11. Rxe5 c6 12. d4 Bd6 13. Re1 Qh4 14. g3 Qh3 15. Bxd5 cxd5 16. Qf3 Bf5 17. Qg2 Rae8 18. Qxh3 Rxe1+ 19. Qf1 Rfe8 20. Be3 Rxf1+ 21. Kxf1 Bh3+ 22. Kg1 f5 23. Nd2 Re6 24. Nb3 f4 25. Bd2 Bf5 26. Re1 Rxe1+ 27. Bxe1 fxg3 28. fxg3 Kf7 29. Bd2 Kf6 30. Bf4 Bxf4 31. gxf4 Bb1 32. a3 Kf5 33. Nc5 a5 34. Nb7 Kxf4 35. Nxa5 Ke3 36. Nc6 Kd2 37. Nb4 Be4 38. Na6 Kc2 39. Nc5 Bf5 40. a4 bxa4 41. Nxa4 Kb3 42. Nb6 Be4 43. Kf2 Kxb2 44. c4 dxc4 45. Nxc4+ Kc3 46. Ke3 Bc6 47. Ne5 Bd5 48. Nd7 Bc6 49. Nb6 Kb4 50. Kf4 g5+ 51. Ke5 h5 52. d5 Bb5 53. d6 g4 54. Kf4 Kc5 55. d7 Bxd7 56. Nxd7+ Kd6 57. Nf6 Ke6 58. Nxh5 Kf7 59. Kxg4 Kg6 60. h4 Kh6 61. Nf4 Kh7 62. Kg5 Kg7 63. h5 Kh7 64. h6 Kg8 65. Kg6 Kh8 66. Nh3 1-0

[Event "FIDE World School-ch G-15 2025"]
[Site "Vrnjacka Banja"]
[Date "2025.03.25"]
[Round "6.3"]
[White "Ferrer Naranjo, Liennys"]
[Black "Zarkym, Ailin"]
[Result "1/2-1/2"]
[Annotator "NA RC"]
[ECO "B56"]
[WhiteElo "1950"]
[BlackElo "1763"]
[PlyCount "156"]
[EventDate "2025.03.19"]
[EventType "swiss"]
[EventCountry "SRB"]
[SourceTitle "playchess.com"]
[Source "ChessBase"]
[SourceQuality "1"]
[TimeControl "5400+30"]

1. e4 c5 2. Nf3 d6 3. d4 cxd4 4. Nxd4 Nf6 5. Nc3 Nc6 6. g3 e5 7. Nb3 Be6 8. Bg2 Qd7 9. Bg5 Be7 10. Qd2 h6 11. Bxf6 Bxf6 12. h4 O-O 13. O-O Rac8 14. Ne2 Qc7 15. c3 a5 16. Qe3 a4 17. Nd2 Na5 18. Rfd1 Nc4 19. Nxc4 Bxc4 20. Nc1 Qc6 21. Nd3 Bxd3 22. Rxd3 Ra8 23. Rad1 Be7 24. a3 Qb5 25. R1d2 Rfc8 26. Bf1 Qc6 27. Rd5 Qc7 28. Rb5 Ra5 29. Rdd5 Rxb5 30. Rxb5 Ra8 31. Qb6 Qxb6 32. Rxb6 Ra7 33. Bc4 g5 34. hxg5 Bxg5 35. Rxd6 b5 36. Bxb5 Bc1 37. Ra6 Rxa6 38. Bxa6 Bxb2 39. c4 Bxa3 40. Bb5 Bc5 41. Bxa4 Kg7 42. Kf1 Kf6 43. Ke2 Kg5 44. Bd7 f6 45. Bf5 h5 46. Kf3 h4 47. gxh4+ Kxh4 48. Ke2 Kg5 49. f3 Kf4 50. Bg4 Bd4 51. Kd3 Bc5 52. Bh5 Kg5 53. Be8 Kf4 54. Ke2 Bd4 55. Ba4 Bc5 56. Bd1 Bd4 57. Kd3 Bc5 58. Kd2 Bb4+ 59. Kc2 Ke3 60. Kb3 Bf8 61. Ka4 Kd2 62. Bb3 Kc3 63. c5 Bxc5 64. Kb5 Bd4 65. Be6 Kd2 66. Kc6 Ke3 67. Bg4 Kf4 68. Kd5 Bb2 69. Ke6 Bd4 70. Kxf6 Bb2 71. Ke6 Bd4 72. Kd5 Bf2 73. Ke6 Bh4 74. Kd5 Bf2 75. Bf5 Bd4 76. Bg4 Bb2 77. Ke6 Bd4 78. Kd5 Bb2 1/2-1/2

[Event "FIDE World School-ch G-15 2025"]
[Site "Vrnjacka Banja"]
[Date "2025.03.25"]
[Round "6.4"]
[White "Jocic, Nina"]
[Black "Assylkhan, Asiya"]
[Result "0-1"]
[Annotator "NA RC"]
[ECO "A36"]
[WhiteElo "1776"]
[BlackElo "1969"]
[PlyCount "132"]
[EventDate "2025.03.19"]
[EventType "swiss"]
[EventCountry "SRB"]
[SourceTitle "playchess.com"]
[Source "ChessBase"]
[SourceQuality "1"]
[TimeControl "5400+30"]

1. e4 c5 2. c4 Nc6 3. Nc3 g6 4. g3 Bg7 5. Bg2 a6 6. d3 b5 7. Nge2 Rb8 8. Rb1 d6 9. Be3 Nf6 10. f3 Bd7 11. b3 h5 12. h3 Qa5 13. Qd2 Nh7 14. Bh6 Bf6 15. h4 Nf8 16. Be3 Ne6 17. Nd5 Qxd2+ 18. Kxd2 Bg7 19. Rhf1 b4 20. Kc2 a5 21. Bc1 Ned4+ 22. Nxd4 Nxd4+ 23. Kd2 e6 24. Nf4 a4 25. Ne2 axb3 26. axb3 Nxe2 27. Kxe2 Ra8 28. f4 Ra2+ 29. Bd2 Ke7 30. e5 dxe5 31. f5 exf5 32. Ra1 Rb2 33. Ra7 Bh6 34. Rd1 Rc8 35. Ke1 Bxd2+ 36. Rxd2 Rxd2 37. Kxd2 Kd6 38. Bd5 Be6 39. Ra6+ Ke7 40. Ra7+ Kf6 41. Ra6 f4 42. gxf4 exf4 43. Be4 Ke5 44. Ra7 Rd8 45. Rc7 Kd4 46. Rc6 Rc8 47. Ra6 Ke5 48. Ra7 Kf6 49. Ke2 g5 50. Bf3 g4 51. Be4 Ke5 52. Ra6 Kd4 53. Kd2 f3 54. Bb7 Rb8 55. Be4 f2 56. Bg2 g3 57. Ra7 Rg8 58. Re7 f1=Q 59. Bxf1 g2 60. Bxg2 Rxg2+ 61. Kd1 Kxd3 62. Ke1 Kc3 63. Rc7 Kxb3 64. Rxc5 Bxc4 65. Rxh5 Kc3 66. Rh7 b3 0-1

[Event "FIDE World School-ch G-15 2025"]
[Site "Vrnjacka Banja"]
[Date "2025.03.25"]
[Round "6.5"]
[White "Aldea, Maria-Antonia"]
[Black "Badica, Ariana"]
[Result "1-0"]
[Annotator "NA RC"]
[ECO "A05"]
[WhiteElo "1954"]
[BlackElo "1890"]
[PlyCount "111"]
[EventDate "2025.03.19"]
[EventType "swiss"]
[EventCountry "SRB"]
[SourceTitle "playchess.com"]
[Source "ChessBase"]
[SourceQuality "1"]
[TimeControl "5400+30"]

1. Nf3 Nf6 2. b3 e6 3. Bb2 Be7 4. e3 O-O 5. d4 b6 6. Nbd2 Bb7 7. Bd3 c5 8. c4 cxd4 9. Bxd4 d5 10. O-O Nc6 11. Bb2 Rc8 12. a3 Ba6 13. Qe2 Na5 14. Ne5 Bd6 15. cxd5 Bxd3 16. Nxd3 Nxd5 17. Rfc1 Qd7 18. b4 Nb7 19. Nc4 f6 20. g3 Bc7 21. e4 Ne7 22. Rd1 Qb5 23. Ne3 Nd6 24. Qg4 e5 25. Qe6+ Kh8 26. f3 Ng6 27. Rac1 Rfe8 28. Qb3 Bb8 29. a4 Qd7 30. b5 Rxc1 31. Rxc1 f5 32. exf5 Nxf5 33. Nxf5 Qxf5 34. Nf2 Bd6 35. Ne4 Be7 36. Rc7 Rf8 37. Kg2 Bc5 38. Nxc5 bxc5 39. Rxc5 Rd8 40. Qc2 Qg5 41. Bc1 Qe7 42. Rc7 Qe6 43. Rxa7 h5 44. Ra6 Nh4+ 45. gxh4 Qd5 46. Rc6 Qd7 47. Rc7 Qe6 48. a5 Rf8 49. Rc3 g6 50. b6 Qf7 51. Qe2 Re8 52. Rc7 Qf5 53. Qe4 Qe6 54. Qc2 Rf8 55. Qd2 Qf6 56. Qh6+ 1-0

[Event "FIDE World School-ch G-15 2025"]
[Site "Vrnjacka Banja"]
[Date "2025.03.25"]
[Round "6.6"]
[White "Torres Ccahuay, Dayana Nievevska"]
[Black "Biro, Beata"]
[Result "1-0"]
[Annotator "NA RC"]
[ECO "B22"]
[WhiteElo "1840"]
[BlackElo "1877"]
[PlyCount "91"]
[EventDate "2025.03.19"]
[EventType "swiss"]
[EventCountry "SRB"]
[SourceTitle "playchess.com"]
[Source "ChessBase"]
[SourceQuality "1"]
[TimeControl "5400+30"]

1. e4 c5 2. Nf3 Nc6 3. c3 d5 4. exd5 Qxd5 5. d4 Bf5 6. Be2 cxd4 7. cxd4 e6 8. Nc3 Bb4 9. O-O Bxc3 10. bxc3 Nge7 11. c4 Qd7 12. Ba3 Rd8 13. Qb3 O-O 14. Rad1 Rfe8 15. Rd2 Be4 16. Rfd1 h6 17. Qe3 Bxf3 18. Qxf3 Qc8 19. d5 Ne5 20. Qc3 N7g6 21. f4 Nd7 22. dxe6 Nf6 23. Rxd8 Rxd8 24. e7 Rxd1+ 25. Bxd1 Qd7 26. Qe1 Nxf4 27. Bf3 Ne6 28. Qe5 Ne8 29. Qd5 Qc7 30. Qb5 Qb6+ 31. Qxb6 axb6 32. Bxb7 f5 33. Kf2 Kf7 34. Bd5 g5 35. Bb4 Kf6 36. Bc6 N6c7 37. a4 Ke6 38. c5 bxc5 39. Bxc5 Kf7 40. a5 Na6 41. Ba3 h5 42. Bb5 Nac7 43. Bc4+ Kf6 44. a6 f4 45. a7 g4 46. Bd5 1-0